 Dungeon Crawl Stone Soup version 0.31-a0-1308-ga3cce3a448 (webtiles) character file.

Game seed: 10317186214025042499

682 monsoonserge the Trooper (level 7, 0/75 HPs)
             Began as an Ogre Fighter on Dec 20, 2023.
             Was an Initiate of Elyvilon.
             Slain by a gnoll
             ... wielding a +0 flail
             ... led by a gnoll bouda
              (7 damage)
             ... on level 6 of the Dungeon.
             The game lasted 00:08:03 (4190 turns).

monsoonserge the Trooper (Ogre Fighter)             Turns: 4190, Time: 00:08:03

Health: 0/75       AC:  4    Str: 23    XL:     7   Next: 61%
Magic:  7/7        EV: 10    Int:  9    God:    Elyvilon [......]
Gold:   275        SH:  0    Dex:  8    Spells: 6/6 levels left

rFire   . . .        a - +0 war axe
rCold   + . .        (no shield)
rNeg    . . .        b - +0 robe
rPois   .            (helmet restricted)
rElec   .            v - +0 cloak
rCorr   .            (gloves unavailable)
SInv    .            (boots unavailable)
Will    +....        p - amulet of magic regeneration
Stlth   +            o - ring of willpower
HPRegen 0.32/turn    i - ring of protection from cold
MPRegen 0.50/turn

%: no passive effects
@: no status effects
A: large, unfitting armour, tough skin 1
a: Renounce Religion


You were on level 6 of the Dungeon.
You worshipped Elyvilon.
Elyvilon was noncommittal.
You visited 1 branch of the dungeon, and saw 6 of its levels.

You collected 275 gold pieces.

Inventory:

Hand Weapons
 a - a +0 war axe (weapon)
 r - a +1 whip of draining
 u - a +3 quarterstaff of chaos
Missiles
 e - 10 poisoned darts (quivered)
Armour
 b - a +0 robe (worn)
 c - a +0 kite shield
 v - a +0 cloak (worn)
Jewellery
 g - a ring of magical power
 i - a ring of protection from cold (right hand)
 o - a ring of willpower (left hand)
 p - an amulet of magic regeneration (around neck)
Talismans
 j - a flux talisman
Wands
 A - a wand of mindburst (17)
Scrolls
 f - 2 scrolls of identify {unknown}
 l - 2 scrolls of brand weapon {unknown}
 m - a scroll of fear {unknown}
 n - a scroll of fog {unknown}
 q - a scroll of immolation {unknown}
 s - a scroll of poison {unknown}
 t - a scroll of teleportation {unknown}
 y - a scroll of noise {unknown}
Potions
 d - 3 potions of might
 h - a potion of cancellation {unknown}
 k - a potion of curing {unknown}
 w - 2 potions of enlightenment {unknown}
 x - 2 potions of brilliance {unknown}
 z - a potion of heal wounds {unknown}


   Skills:
 + Level 6.2 Fighting
 - Level 3.3(3.5) Axes
 + Level 1.3(2.8) Maces & Flails
 + Level 2.5(2.7) Staves
 * Level 3.4 Throwing
 + Level 4.0 Dodging
 + Level 4.0 Shields


You had 6 spell levels left.
You didn't know any spells.
Your spell library contained the following spells:

 Spells                   Type           Power      Damage    Failure   Level
 Cigotuvi's Dreadful Rot  Necr/Pois/Air  0%         N/A       52%         2
 Dispel Undead            Necr           0%         3d6       99%         4
 Death Channel            Necr           0%         N/A       100%        6


Dungeon Overview and Level Annotations

Branches:
Dungeon (6/15)
 Temple: D:4-7

Altars:
Elyvilon

Annotations:
D:2 RF


Innate Abilities, Weirdness & Mutations

You are too large for most types of armour.
You have tough skin. (AC +1)


Message History

The gnoll hits you with a +0 flail!
You barely miss the gnoll.
The gnoll is severely wounded.
A gnoll comes into view. It is wielding a +0 club.
You slash the gnoll bouda!
The gnoll bouda is heavily wounded.
Your attacks no longer feel as feeble.
The gnoll barely misses you.
A sleepcap comes into view.
The gnoll bouda gazes fiercely through you!
You feel your attacks grow feeble.
The gnoll bouda hits you with a +0 club.
* * * LOW HITPOINT WARNING * * *
The gnoll hits you from afar with a +0 halberd.
* * * LOW HITPOINT WARNING * * *
Unknown command.
The gnoll shouts!
The gnoll is no longer moving quickly.
The gnoll attacks as it pursues you! The gnoll barely misses you.
Okay, then.
Press: ? - help, v - describe, . - travel
Here: a gnoll, wielding a +0 flail (severely wounded)
The floor, spattered with blood.
The gnoll is no longer moving quickly.
Your attacks no longer feel as feeble.
There is a stone staircase leading down here.
The gnoll closely misses you.
You climb downwards.
There is a stone staircase leading up here.
You barely miss the gnoll.
The gnoll is heavily wounded.
The gnoll hits you with a +0 flail!
* * * LOW HITPOINT WARNING * * *
The gnoll hits you with a +0 flail.
* * * LOW HITPOINT WARNING * * *
Unknown command.
You hit the gnoll.
The gnoll is almost dead.
The gnoll hits you with a +0 flail!
You die...

# #.
#..####
#..g@.#
##.####
.. #..
... ##


You could see a gnoll.

Vanquished Creatures
  Sigmund (D:2)
  Menkaure (D:4)
  Crazy Yiuf (D:4)
  A gnoll bouda (D:5)
  A hound (D:5)
  Jessica (D:2)
  A sleepcap (D:5)
  3 iguanas (D:5)
  3 gnolls (D:5)
  9 adders
  2 ufetubi (D:5)
  3 worms
  2 orcs (D:3)
  7 ball pythons
  7 endoplasms
  A giant cockroach (D:3)
  4 hobgoblins
  6 jackals (D:4)
  3 kobolds
  2 quokkas (D:4)
  3 frilled lizards
  8 goblins
  6 rats
76 creatures vanquished.

Vanquished Creatures (others)
  A quokka (D:2)
1 creature vanquished.

Grand Total: 77 creatures vanquished

Notes
Turn   | Place    | Note
-------+----------+-------------------------------------------
     0 | D:1      | monsoonserge the Ogre Fighter began the quest for the Orb.
     0 | D:1      | Reached XP level 1. HP: 24/24 MP: 1/1
   254 | D:1      | Reached XP level 2. HP: 32/32 MP: 2/2
   923 | D:2      | Noticed Jessica
   929 | D:2      | Killed Jessica
   930 | D:2      | Reached skill level 1 in Throwing
   930 | D:2      | Reached XP level 3. HP: 30/40 MP: 3/3
  1118 | D:2      | Noticed Sigmund
  1131 | D:2      | Killed Sigmund
  1132 | D:2      | Reached skill level 5 in Fighting
  1132 | D:2      | Reached XP level 4. HP: 40/50 MP: 4/4
  1132 | D:2      | Reached XP level 5. HP: 46/57 MP: 5/5
  2003 | D:3      | Reached XP level 6. HP: 63/66 MP: 6/6
  2803 | D:4      | Found a runed translucent door.
  2804 | D:4      | Noticed Crazy Yiuf
  2813 | D:4      | Killed Crazy Yiuf
  2993 | D:4      | Noticed Menkaure
  3006 | D:4      | Killed Menkaure
  3007 | D:4      | Reached skill level 1 in Staves
  3192 | D:4      | Found a white marble altar of Elyvilon.
  3208 | D:4      | Reached XP level 7. HP: 47/74 MP: 7/7
  3324 | D:4      | Reached skill level 1 in Maces & Flails
  3544 | D:4      | Became a worshipper of Elyvilon the Healer
  3580 | D:5      | Entered Level 5 of the Dungeon
  3729 | D:5      | Reached skill level 6 in Fighting
  4190 | D:6      | Slain by a gnoll

Illustrated notes

Levels and vault maps discovered:
D:1:      spicycebolla_arrival_ecumenical, layout_basic
D:2:      layout_loops_ring, lemuel_flame_loot_1, uniq_jessica, uniq_sigmund
D:3:      layout_basic, serial_glass, glass_columns_b, glass_columns_b,
          minmay_tree_intersection
D:4:      layout_rooms, elyvilon_altar_3, uniq_crazy_yiuf_cottage, uniq_menkaure
D:5:      layout_cave_pools, lemuel_coloured_pillars_altar,
          amcnicky_mini_rare_corridor_liquid
D:6:      layout_basic, nicolae_qazlal_eye_of_the_storm,
          minmay_temple_entry_hall, chequers_serial_rivers_micro_c,
          nicolae_eternal_life, chequers_serial_rivers_large_b, uniq_eustachio,
          uniq_blork_the_orc, uniq_duvessa, uniq_prince_ribbit1

Skill      XL: |  1  2  3  4  5  6  7 |
---------------+----------------------+-----
Dodging        | 3 4 |  4.0
Throwing       | 1 2 3 |  3.4
Fighting       | 5 6 |  6.2
Axes           | 3 |  3.3
Staves         | 1 2 |  2.5
Maces & Flails | 1 |  1.3
Shields        | 4 |  4.0

Action                     |  1- 3 |  4- 6 |  7- 9 || total
---------------------------+-------+-------+-------++-------
  Melee: War axe           |    60 |    36 |    45 ||   141
         Whip              |       |    26 |       ||    26
         Quarterstaff      |       |    48 |     9 ||    57
         Punch             |       |       |     1 ||     1
  Throw: Dart              |     1 |       |       ||     1
Ability: Begin Untransform |     1 |       |       ||     1
 Armour: Robe              |    28 |    77 |    64 ||   169
  Dodge: Dodged            |    13 |    41 |    47 ||   101
  Block: Kite shield       |    23 |    18 |       ||    41
   Form: Flux              |     1 |       |       ||     1

Table legend: (Time is in decaauts)
 A = Elapsed time spent in this place.
 B = Non-inter-level travel time spent in this place.
 C = Inter-level travel time spent in this place.
 D = Time resting spent in this place.
 E = Time spent auto-exploring this place.
 F = Levels seen in this place.
 G = Mean time per level.
                   A        B        C        D        E       F      G
               +--------+--------+--------+--------+--------+-----+--------+
         Total |   4273 |   4144 |    129 |    223 |   2950 |   6 |  712.2 |
       Dungeon |   4273 |   4144 |    129 |    223 |   2950 |   6 |  712.2 |
               +--------+--------+--------+--------+--------+-----+--------+

Top non-repeatable levels by time:
     D:2: 976 daAuts
     D:3: 950 daAuts
     D:4: 885 daAuts
     D:1: 837 daAuts
     D:5: 621 daAuts
     D:6: 2 daAuts
